 Dungeon Sprint DCSS version 0.30-a0-170-g85af917532 (webtiles) character file.

Game seed: 4161318017891615720

14767 rocky1 the Warrior (level 11, -4/117 HPs)
             Began as a Yellow Draconian Monk on Oct 1, 2022.
             Was the Champion of Cheibriados.
             Constricted to death by a naga warrior (6 damage)
             ... in the Dungeon (Sprint VII: "The Pits").
             The game lasted 00:14:22 (3217 turns).

rocky1 the Warrior (Yellow Draconian Monk)          Turns: 3217, Time: 00:14:24

Health: -4/117     AC: 11    Str: 31    XL:     11   Next: 93%
Magic:  9/24       EV: 19    Int: 28    God:    Cheibriados [******]
Gold:   21         SH:  0    Dex: 28    Spells: 29/29 levels left

rFire   . . .      SeeInvis .    p - +2 halberd (venom)
rCold   + . .      Faith    .    (shield currently unavailable)
rNeg    . . .      Spirit   .    (body armour unavailable)
rPois   .          Reflect  .    (helmet restricted)
rElec   .          Harm     .    (no cloak)
rCorr   +          Rampage  .    C - +0 pair of gloves
Will    .....      NoTele   +    (no boots)
Stlth   +++++.....               (no amulet)
HPRegen 0.29/turn                n - +3 ring of protection
MPRegen 0.19/turn                B - ring of protection from cold

@: mighty, lethally poisoned (-4 -> -10), constricted, very slow
A: spit acid, AC +7, unfitting armour, cold-blooded, acid resistance
a: Breathe Acid, Renounce Religion, Bend Time, Temporal Distortion, Slouch, Step
From Time


You were in the Dungeon.
You worshipped Cheibriados.
Cheibriados was exalted by your worship.
You visited 1 branch You collected 21 gold pieces.

Inventory:

Hand Weapons
 m - a +2 vorpal trident
 p - a +2 halberd of venom (weapon)
Missiles
 e - 4 throwing nets (quivered)
 q - 2 curare-tipped darts
 s - 3 javelins
 t - 3 silver javelins
Armour
 C - a +0 pair of gloves (worn)
Jewellery
 l - a +3 ring of intelligence
 n - a +3 ring of protection (left hand)
 B - a ring of protection from cold (right hand)
 D - a ring of protection from cold
Wands
 a - a wand of roots (5)
 r - a wand of light (4)
Scrolls
 h - 2 scrolls of blinking
 j - 5 scrolls of amnesia
 k - a scroll of summoning
 u - 5 scrolls of fear
 v - a scroll of butterflies
 x - 2 scrolls of enchant weapon
 y - 4 scrolls of enchant armour
 A - a scroll of identify
Potions
 b - a potion of ambrosia
 c - 11 potions of curing
 d - 6 potions of heal wounds
 f - 4 potions of magic
 g - 7 potions of berserk rage
 i - 2 potions of invisibility
 o - 2 potions of mutation
 w - a potion of might
 z - 2 potions of brilliance
 E - a potion of attraction


   Skills:
 + Level 17.0 Fighting
 - Level 16.1 Polearms
 + Level 10.3 Dodging
 + Level 11.0 Stealth
 + Level 9.9 Spellcasting
 - Level 12.3 Invocations


You had 29 spell levels left.
You didn't know any spells.
Your spell library was empty.

Dungeon Overview and Level Annotations

Branches:
Dungeon (1/1)

Altars:
Ashenzari
Cheibriados
Dithmenos
Elyvilon
Fedhas
Gozag
Hepliaklqana
Kikubaaqudgha
Makhleb
Nemelex Xobeh
Okawaru
Qazlal
Ru
Sif Muna
Trog
Uskayaw
Vehumet
Wu Jian
Xom
Yredelemnul
Zin
The Shining One
Jiyva
Lugonu


Innate Abilities, Weirdness & Mutations

You can spit globs of acid.
Your golden yellow scales are hard. (AC +7)
You cannot fit into any form of body armour.
You are cold-blooded and may be slowed by cold attacks.
You are resistant to acid. (rCorr)


Message History

You feel very mighty all of a sudden.
You feel sick.
Unknown command.
The naga warrior blocks your attack.
You tail-slap the naga warrior!
The naga warrior is lightly wounded.
The naga warrior blocks your attack.
The naga warrior is lightly wounded.
You feel sick.
Activating: Slouch (1% risk of failure)
Press: ? - help, Dir - look around, f - activate You can feel time thicken for a moment.
The naga warrior closely misses you. x2
Unknown command.
Activating: Slouch (1% risk of failure)
Press: ? - help, Dir - look around, f - activate You can feel time thicken for a moment.
You feel sick. The naga warrior completely misses you.
The naga warrior grabs you. The naga warrior constricts you.
The naga hits you with a +0 battleaxe!!
Unknown command.
Activating: Slouch (1% risk of failure)
Press: ? - help, Dir - look around, f - activate You can feel time thicken for a moment.
You have got your breath back.
You feel sick.
You are no longer poisoned.
The naga warrior spits poison at you. The splash of poison hits you!
You are poisoned.
* * * LOW HITPOINT WARNING * * *
The naga warrior constricts you.
* * * LOW HITPOINT WARNING * * *
The naga warrior spits poison at you. The splash of poison misses you.
The naga completely misses you.
Unknown command.
You closely miss the naga.
The naga is severely wounded.
You feel sick. The naga warrior completely misses you.
The naga warrior hits you with a +0 flail!!
* * * LOW HITPOINT WARNING * * *
The naga warrior constricts you.
You die...

#################+#
..................#
..........†.......#
++##############..#
#@N# #NN# #..# #..#
#..# #..# #..# #..#


You could see 2 naga warriors and a naga (strong).

Vanquished Creatures
  A nagaraja (D)
  A minotaur (D)
  An eidolon (D)
  A merfolk javelineer (D)
  Erolcha (D)
  Harold (D)
  A bog body (D)
  A flayed ghost (D)
  An orc knight (D)
  A phantasmal warrior (D)
  A black mamba (D)
  An elephant (D)
  An orange demon (D)
  Psyche (D)
  A cane toad (D)
  A demonic crawler (D)
  3 unseen horrors (D)
  2 kobold demonologists (D)
  A freezing wraith (D)
  A rime drake (D)
  A red devil (D)
  2 merfolk (D)
  A hornet (D)
  A polar bear (D)
  A large abomination (D)
  A snapping turtle (D)
  A flying skull (D)
  A jumping spider (D)
  A spriggan (D)
  2 shadows (D)
  A wraith (D)
  4 yaks (D)
  2 basilisks (D)
  A warg (D)
  An acid dragon (D)
  3 orc warriors (D)
  3 sky beasts (D)
  5 kobold brigands (D)
  A bullfrog (D)
  A necrophage (D)
  5 killer bees (D)
  A hound (D)
  A jelly (D)
  3 gnoll boudas (D)
  4 orc priests (D)
  Jessica (D)
  An iguana (D)
  Ijyb (D)
  3 orc wizards (D)
  A mummy (D)
  14 gnolls (D)
  3 river rats (D)
  3 ufetubi (D)
  A worm (D)
  7 orcs (D)
  A giant cockroach (D)
  A hobgoblin (D)
  5 jackals (D)
  4 kobolds (D)
  A quokka (D)
  A frilled lizard (D)
  A jackal skeleton (D)
  3 rats (D)
123 creatures vanquished.

Notes
Turn   | Place    | Note
-------+----------+-------------------------------------------
     0 | D        | rocky1 the Draconian Monk began the quest for the Orb.
     0 | D        | Reached XP level 1. HP: 19/19 MP: 1/1
    47 | D        | Found a bloodstained altar of Trog.
    47 | D        | Found a shimmering blue altar of Sif Muna.
    47 | D        | Found a viscous altar of Jiyva.
    47 | D        | Found a hazy altar of Hepliaklqana.
    47 | D        | Found an opulent altar of Gozag.
    48 | D        | Found a glowing golden altar of the Shining One.
    48 | D        | Found a glowing silver altar of Zin.
    48 | D        | Found a basalt altar of Yredelemnul.
    48 | D        | Found a shimmering altar of Xom.
    48 | D        | Found an ornate altar of the Wu Jian Council.
    48 | D        | Found a sacrificial altar of Ru.
    48 | D        | Found a stormy altar of Qazlal.
    48 | D        | Found an iron altar of Okawaru.
    48 | D        | Found a sparkling altar of Nemelex Xobeh.
    48 | D        | Found a burning altar of Makhleb.
    48 | D        | Found a blossoming altar of Fedhas.
    48 | D        | Found a white marble altar of Elyvilon.
    48 | D        | Found a shadowy altar of Dithmenos.
    48 | D        | Found a snail-covered altar of Cheibriados.
    50 | D        | Found a radiant altar of Vehumet.
    50 | D        | Found a corrupted altar of Lugonu.
    51 | D        | Found a hide-covered altar of Uskayaw.
    51 | D        | Found an ancient bone altar of Kikubaaqudgha.
    51 | D        | Found a broken altar of Ashenzari.
    59 | D        | Became a worshipper of Cheibriados the Contemplative
    59 | D        | Reached * piety under Cheibriados
    59 | D        | Reached ** piety under Cheibriados
    88 | D        | Reached skill level 1 in Invocations
    95 | D        | Reached skill level 4 in Fighting
    95 | D        | Reached XP level 2. HP: 25/27 MP: 1/3
   124 | D        | Reached *** piety under Cheibriados
   229 | D        | Noticed a sky beast
   236 | D        | Reached skill level 5 in Polearms
   236 | D        | Reached XP level 3. HP: 26/34 MP: 3/5
   236 | D        | Reached **** piety under Cheibriados
   240 | D        | Killed a sky beast
   241 | D        | Reached skill level 6 in Fighting
   241 | D        | Reached XP level 4. HP: 25/44 MP: 3/7
   356 | D        | Noticed Jessica
   359 | D        | Killed Jessica
   359 | D        | Reached ***** piety under Cheibriados
   360 | D        | Reached skill level 5 in Invocations
   360 | D        | Reached XP level 5. HP: 45/51 MP: 8/8
   360 | D        | Reached ****** piety under Cheibriados
   360 | D        | Noticed a flying skull
   361 | D        | Reached skill level 7 in Fighting
   363 | D        | Killed a flying skull
   364 | D        | Reached skill level 8 in Fighting
   364 | D        | Reached skill level 10 in Polearms
   364 | D        | Reached XP level 6. HP: 55/62 MP: 3/11
   434 | D        | Your scales start taking on a golden yellow colour.
   434 | D        | Reached XP level 7. HP: 69/69 MP: 11/13
   434 | D        | Gained mutation: You are resistant to acid. (rCorr) [Yellow
                  | Draconian growth]
   451 | D        | Noticed a yak
   454 | D        | Killed a yak
   455 | D        | Reached skill level 9 in Fighting
   457 | D        | Noticed Ijyb
   477 | D        | Killed Ijyb
   481 | D        | Reached skill level 10 in Fighting
   613 | D        | Noticed Harold
   624 | D        | Killed Harold
   625 | D        | Reached skill level 11 in Fighting
   625 | D        | Reached skill level 10 in Invocations
   625 | D        | Reached XP level 8. HP: 69/82 MP: 13/15
   768 | D        | Noticed a flayed ghost
   778 | D        | Killed a flayed ghost
   779 | D        | Reached XP level 9. HP: 69/90 MP: 11/17
   866 | D        | Noticed Erolcha
   866 | D        | Noticed an orange demon
   868 | D        | Killed Erolcha
   869 | D        | Reached skill level 12 in Fighting
   869 | D        | Reached skill level 15 in Polearms
   879 | D        | Killed an orange demon
  1294 | D        | Noticed a kobold demonologist
  1294 | D        | Noticed Psyche
  1296 | D        | Killed Psyche
  1297 | D        | Reached skill level 13 in Fighting
  1298 | D        | Noticed an ice devil
  1298 | D        | Killed a kobold demonologist
  1299 | D        | Reached XP level 10. HP: 66/101 MP: 8/19
  1747 | D        | Reached skill level 5 in Dodging
  1749 | D        | Reached skill level 5 in Stealth
  1774 | D        | Noticed a minotaur
  1775 | D        | Noticed a merfolk javelineer
  1778 | D        | Reached skill level 14 in Fighting
  1780 | D        | Reached skill level 5 in Spellcasting
  1790 | D        | Killed a merfolk javelineer
  1792 | D        | Killed a minotaur
  2180 | D        | Noticed a black mamba
  2186 | D        | Killed a black mamba
  2187 | D        | Reached skill level 15 in Fighting
  2187 | D        | Reached XP level 11. HP: 72/112 MP: 19/21
  2445 | D        | Noticed a phantasmal warrior
  2448 | D        | Noticed an orc knight
  2450 | D        | Killed a phantasmal warrior
  2463 | D        | Killed an orc knight
  2468 | D        | Reached skill level 16 in Fighting
  2654 | D        | Noticed a bog body
  2659 | D        | Killed a bog body
  2718 | D        | Noticed a spriggan rider
  2725 | D        | Reached skill level 10 in Stealth
  2845 | D        | Noticed a nagaraja
  2859 | D        | Killed a nagaraja
  3173 | D        | Noticed an eidolon
  3183 | D        | Killed an eidolon
  3184 | D        | Reached skill level 10 in Dodging
  3195 | D        | Noticed a naga warrior
  3196 | D        | Noticed a naga warrior
  3210 | D        | Reached skill level 17 in Fighting
  3217 | D        | HP: 2/117 [naga warrior/+0 flail (27)]
  3217 | D        | Constricted to death by a naga warrior

Illustrated notes

Levels and vault maps discovered:
D:        pitsprint [storerooms_1, entrance_room_1, metal_vault_2, armoury_3,
          mini_pit_1, grid_room_1, main_hall_1, silver_pit, the_coven_1,
          the_vestibule_1, steel_vault_5, golden_pit, hallway_of_sentries,
          crystal_vault_2, iron_vault_4, final_vault]

Skill      XL: |  1  2  3  4  5  6  7  8  9 10 11 |
---------------+----------------------------------+-----
Invocations    | 2 4 5 7 8 10 11 12 | 12.3
Fighting       | 4 6 8 11 13 15 17 | 17.0
Polearms       | 4 5 7 10 11 13 14 16 | 16.1
Dodging        | 4 7 10 | 10.3
Stealth        | 3 7 11 | 11.0
Spellcasting   | 2 6 9 |  9.9

Action                   |  1- 3 |  4- 6 |  7- 9 | 10-12 || total
-------------------------+-------+-------+-------+-------++-------
Melee: Trident           |    26 |    33 |    33 |       ||    92
       Spear             |     4 |       |       |       ||     4
       Tailslap          |     5 |     3 |     5 |    15 ||    28
       Punch             |       |       |     1 |       ||     1
       Halberd           |       |       |    26 |   109 ||   135
Invok: Slouch            |       |     1 |     3 |    11 ||    15
 Abil: Breathe Acid      |       |       |     1 |     6 ||     7
  Use: Potion            |       |       |     1 |     3 ||     4
 Stab: Sleeping          |     4 |     1 |     2 |     5 ||    12
Armor: Skin              |     7 |     6 |    10 |    25 ||    48
Dodge: Dodged            |    14 |    12 |    12 |    79 ||   117

Table legend: (Time is in decaauts)
 A = Elapsed time spent in this place.
 B = Non-inter-level travel time spent in this place.
 C = Inter-level travel time spent in this place.
 D = Time resting spent in this place.
 E = Time spent auto-exploring this place.
 F = Levels seen in this place.
 G = Mean time per level.
                   A        B        C        D        E       F      G
               +--------+--------+--------+--------+--------+-----+--------+
         Total |   3692 |   3579 |    113 |   2294 |      0 |   1 | 3692.0 |
       Dungeon |   3692 |   3579 |    113 |   2294 |      0 |   1 | 3692.0 |
               +--------+--------+--------+--------+--------+-----+--------+

Top non-repeatable levels by time:
       D: 3692 daAuts
